AoeStats
← King Vlad VII

Arabia

507105886Analyzed
1v1 RM · 15d ago on Sep 16, 2026· 48m 37s· 2 players
Game mode
Random Map
Map size
Tiny (2 player)
Population
200
Speed
Normal
Resources
Standard
Victory
Conquest
Starting age
Dark Age
Ending age
Imperial Age
RankedLock teamsTeams togetherTeam positionsShared explorationLock speedFull tech treeHidden civsTurbo modeCheats
Victory
Defeat
🇬🇧 Burmese · United Kingdom
961
+25
🇱🇻 Celts · Latvia
925
-14
FadedMango23806
12:19 Feudal Age
13:22 Man-at-Arms
15:39 Double-Bit Axe
16:43 Scale Mail Armor
17:40 Forging
17:26 Horse Collar
22:10 Castle Age
22:32 Long Swordsman
25:01 Gold Mining
28:23 Gambesons
30:12 Iron Casting
30:37 Wheelbarrow
30:45 Chain Mail Armor
30:24 Pikeman
36:31 Husbandry
37:18 Bow Saw
38:03 Scale Barding Armor
39:17 Chain Barding Armor
47:21 Gold Shaft Mining
King Vlad VII
5:18 Loom
10:23 Feudal Age
10:52 Man-at-Arms
11:23 Horse Collar
18:33 Scale Mail Armor
20:15 Arson
22:07 Forging
23:50 Wheelbarrow
23:59 Gold Mining
26:21 Castle Age
25:30 Fletching
25:50 Stone Mining
26:56 Gambesons
27:11 Squires
28:02 Heavy Plow
27:31 Long Swordsman
29:37 Iron Casting
29:34 Herbal Medicine
33:00 Gold Shaft Mining
32:54 Bloodlines
36:00 Town Watch
38:14 Hand Cart
39:34 Fervor
42:01 Imperial Age
41:01 Chain Mail Armor
40:48 Padded Archer Armor
42:25 Elite Arambai
43:30 Conscription
44:23 Blast Furnace
43:37 Husbandry
47:41 Two-Handed Swordsman
Connection lost

Rejoining the realm…

Still unreachable

The connection could not be restored.

Session expired

The server has moved on; the page needs a fresh start.